 Dungeon Sprint DCSS version 0.18.1-8-gdd0e5ea (webtiles) character file.

105886 pipel the Talismancer (level 15, -23/231 HPs)
             Began as a Deep Dwarf Gladiator on May 21, 2016.
             Was the Champion of Makhleb.
             Annihilated by Cyqoodo the pandemonium lord (41 damage)
             ... in the Dungeon (Sprint V: "Ziggurat Sprint").
             The game lasted 00:13:52 (591 turns).

pipel the Talismancer (Deep Dwarf Gladiator)         Turns: 591, Time: 00:13:53

Health: -23/231    AC: 37    Str: 39    XL:     15   Next: 96%
Magic:  8/31       EV: 13    Int: 11    God:    Makhleb [******]
Gold:   0          SH: 43    Dex: 20    Spells: 0 memorised, 17 levels left

rFire  . . .     SeeInvis +     B - +14 obsidian axe {chop, +Fly Str+3 SInv *Curse} (curse)
rCold  . . .     Gourm    .     C - +15 Maxwell's patent armour {-Cast -Tele rElec MR+ rCorr}
rNeg   + + .     Faith    .     D - +18 shield of the gong {rElec rN+ MR+ EV-5}
rPois  .         Spirit   .     c - +0 helmet
rElec  +         Dismiss  .     (no cloak)
rCorr  +         Reflect  +     V - +1 pair of gloves {Str+3}
SustAt .         Harm     .     (no boots)
MR     ++++.     NoTele   +     S - +4 amulet of reflection
Stlth  .......... NoCast   +    E - +6 ring of dexterity
                                I - +6 ring of strength

@: berserking (expiring), mesmerised, very slightly contaminated,
non-regenerating, mildly diseased, hasted, silenced, very quick, incredibly
resistant to hostile enchantments, extremely unstealthy
A: damage resistance, recharge devices, negative energy resistance 1, sense
surroundings 2, slow regeneration 3
a: Device Recharging, Renounce Religion, Evoke Flight


You were in the Dungeon.
You worshipped Makhleb.
Makhleb was exalted by your worship.
You were not hungry.

You visited 1 branch

Inventory:

Hand Weapons
 B - the cursed +14 obsidian axe (weapon) {chop, +Fly Str+3 SInv *Curse}
   (You found it in the Dungeon)

   It inflicts extra damage upon your enemies.
   It affects your strength (+3).
   It lets you see invisible.
   It lets you fly.
   It may re-curse itself when equipped.
   It has a curse placed upon it.
 Q - a +5 broad axe of protection
Missiles
 d - 3 throwing nets (quivered)
Armour
 b - a +0 leather armour
 c - a +0 helmet (worn)
 C - the +15 Maxwell's patent armour (worn) {-Cast -Tele rElec MR+ rCorr}
   (You found it in the Dungeon)

   It insulates you from electricity.
   It affects your resistance to hostile enchantments.
   It prevents spellcasting.
   It prevents most forms of teleportation.
   It protects you from acid and corrosion.
 D - the +18 shield of the gong (worn) {rElec rN+ MR+ EV-5}
   (You found it in the Dungeon)

   It affects your evasion (-5).
   It insulates you from electricity.
   It protects you from negative energy.
   It affects your resistance to hostile enchantments.
 P - a +5 gold dragon armour
 V - a +1 pair of gloves of strength (worn)
Jewellery
 E - a +6 ring of dexterity (right hand)
 I - a +6 ring of strength (left hand)
 S - a +4 amulet of reflection (around neck)
 T - an uncursed ring of sustain attributes
 U - the amulet of Benevolence {+Rage rF+++ rC+ MR- Dex+4}
   (You found it in the Dungeon)

   [amulet of rage]

   It affects your dexterity (+4).
   It renders you almost immune to fire.
   It protects you from cold.
   It affects your resistance to hostile enchantments.
   It lets you go berserk.
 W - the ring "Qekof" {rElec rN+ Dex+3}
   (You found it in the Dungeon)

   [ring of positive energy]

   It affects your dexterity (+3).
   It insulates you from electricity.
   It protects you from negative energy.
Wands
 e - a wand of heal wounds (5/9)
 L - a wand of disintegration (7/24)
 M - a wand of iceblast (5/15)
 N - a wand of lightning (5/15)
 O - a wand of acid (5/15)
Scrolls
 l - 4 scrolls of blinking
 s - 4 scrolls of amnesia
 t - 3 scrolls of recharging
 u - 7 scrolls of fog
 v - a scroll of holy word
 w - 5 scrolls of identify
 x - 5 scrolls of remove curse
 y - 2 scrolls of fear
Potions
 g - 8 potions of curing
 h - 10 potions of heal wounds
 i - 4 potions of haste
 j - 7 potions of magic
 k - a potion of berserk rage
 m - 2 potions of brilliance
 n - 2 potions of invisibility
 o - 4 potions of resistance
 q - 5 potions of agility
 r - 5 potions of might
Books
 F - the Compendium of Frigorific Earth
   (You found it in the Dungeon)

   Spells                             Type                      Level
   a - Throw Frost                    Conjuration/Ice              2
   b - Passwall                       Transmutation/Earth          2
   c - Ozocubu's Armour               Charms/Ice                   3
   d - Stone Arrow                    Conjuration/Earth            3
   e - Throw Icicle                   Conjuration/Ice              4
   f - Freezing Cloud                 Conjuration/Ice/Air          6
 G - a Young Poisoner's Handbook

   Spells                             Type                      Level
   a - Sting                          Conjuration/Poison           1
   b - Cure Poison                    Poison                       2
   c - Mephitic Cloud                 Conjuration/Poison/Air       3
   d - Olgreb's Toxic Radiance        Poison                       4
   e - Venom Bolt                     Conjuration/Poison           5
 H - a book of Party Tricks

   Spells                             Type                      Level
   a - Summon Butterflies             Summoning                    1
   b - Apportation                    Translocation                1
   c - Tukima's Dance                 Hexes                        3
   d - Alistair's Intoxication        Transmutation/Poison         5
   e - Invisibility                   Hexes                        6
 J - a book of Spatial Translocations

   Spells                             Type                      Level
   a - Apportation                    Translocation                1
   b - Blink                          Translocation                2
   c - Shroud of Golubria             Charms/Translocation         2
   d - Portal Projectile              Translocation                3
   e - Teleport Other                 Translocation                3
   f - Passage of Golubria            Translocation                4
 K - a book of Air

   Spells                             Type                      Level
   a - Shock                          Conjuration/Air              1
   b - Swiftness                      Charms/Air                   2
   c - Repel Missiles                 Charms/Air                   2
   d - Static Discharge               Conjuration/Air              3
   e - Lightning Bolt                 Conjuration/Air              5
 R - a book of Dreams

   Spells                             Type                      Level
   a - Ensorcelled Hibernation        Hexes/Ice                    2
   b - Silence                        Hexes/Air                    5
   c - Darkness                       Hexes                        6
   d - Shadow Creatures               Summoning                    6
 X - a book of Changes

   Spells                             Type                      Level
   a - Beastly Appendage              Transmutation                1
   b - Sticks to Snakes               Transmutation                2
   c - Spider Form                    Transmutation/Poison         3
   d - Ice Form                       Ice/Transmutation            4
   e - Blade Hands                    Transmutation                5
 Y - a book of Conjurations

   Spells                             Type                      Level
   a - Magic Dart                     Conjuration                  1
   b - Searing Ray                    Conjuration                  2
   c - Dazzling Spray                 Conjuration/Hexes            3
   d - Fulminant Prism                Conjuration/Hexes            4
   e - Iskenderun's Mystic Blast      Conjuration                  4
   f - Iskenderun's Battlesphere      Conjuration/Charms           5
 Z - the Collected Works on Damaging Snow
   (You found it in the Dungeon)

   Spells                             Type                      Level
   a - Shock                          Conjuration/Air              1
   b - Searing Ray                    Conjuration                  2
   c - Force Lance                    Conjuration/Translocation    4
   d - Poisonous Cloud                Conjuration/Poison/Air       6
   e - Ozocubu's Refrigeration        Ice                          6
Miscellaneous
 a - a fan of gales
 p - a disc of storms
Comestibles
 f - 5 bread rations
 z - 42 fruits
 A - 4 meat rations


   Skills:
 + Level 15.4 Fighting
 - Level 21.6 Axes
 + Level 5.1 Throwing
 + Level 17.3 Armour
 + Level 11.4 Dodging
 + Level 9.6 Stealth
 + Level 25.9 Shields
 + Level 2.0 Unarmed Combat
 + Level 1.5 Spellcasting
 O Level 27 Evocations


You had 17 spell levels left.
You didn't know any spells.

Dungeon Overview and Level Annotations

Branches:
Dungeon (1/1)

Altars:
Ashenzari
Cheibriados
Dithmenos
Elyvilon
Fedhas
Gozag
Kikubaaqudgha
Makhleb
Nemelex Xobeh
Okawaru
Pakellas
Qazlal
Ru
Sif Muna
Trog
Vehumet
Xom
Yredelemnul
Zin
The Shining One
Beogh
Jiyva
Lugonu


Innate Abilities, Weirdness & Mutations

You are resistant to damage.
You can recharge devices by infusing magical energy.
You resist negative energy.
You passively map the area around you.
You do not regenerate naturally.


Message History

You hit Cyqoodo. You open a gate to Pandemonium!
A demon appears!
Cyqoodo is severely wounded.
You slash Sisism!
Sisism is lightly wounded.
You slice the Executioner!! You open a gate to Pandemonium!
A demon appears!
The Executioner is moderately wounded.
Visions of slaying the Executioner flood into your mind.
The redback disappears in a puff of smoke!
The demonic crawler disappears in a puff of smoke!
Your smoke demon disappears in a puff of smoke!
The hellwing disappears in a puff of smoke!
The hell rat disappears in a puff of smoke! x2
You block the Executioner's attack. x3; Esunyh hits you!!
* * * LOW HITPOINT WARNING * * *
You feel your power leaking away. The Executioner barely misses you.
You block the Executioner's attack.
The Executioner hits you but does no damage.
Sisism hits you but does no damage.
Your sun demon hits Sisism.
Sisism is engulfed in flames!!
Sisism is burned terribly!
Cyqoodo hits you!!!
You die...

,,, ,§,§, § , ▓.§§§.)() ,
, ,
≈..§.b..§§.≈≈≈.▓..§.§..§ ,
§§bgb≈≈&5§§≈..≈▓.§§§§..≈ ,
,*≈§§§≈433...b...▓..§§§...
,,
≈§§§54≈3.5≈≈.≈.▓.§....(§ ,
, ..545&≈6&56≈...▓...≈...§
.§▓2&32G3.▓..,▓....§§.. ,
. ▓.▓.&.&8▓.▓ .▓▓▓▓▓▓▓▓▓ ,
, ...▓G&&@&4.▓.§.▓.....8©8
, ,
....G.&1&3.....▓.:|"))[)
**
.....§§43≈...≈§▓.§§:§.:?
▓▓▓▓▓▓▓▓▓▓▓▓▓▓▓▓.§§§≈... ,
,,, , , , ,▓§§§§.≈§. * ,
,▓...§§§.§ , , ,
,,▓....)§.§ , , ,
▓...§..≈§ ,, * , ,, ,, ,
▓..▓.§.§§


You could see Asheawn, Beudoec, Cyqoodo, Edotaop, Esunyh, Joboym, Oruaceac,
Otta, Sisism, Voygutt, Xino Gax, a spellforged servitor, an Executioner, a
blizzard demon, a monstrous black sun, 2 soul eaters, a shadow demon, 2 orange
demons, a torturous demonspawn, a hellwing, an ice devil, an eye of draining, 2
ynoxinuls, a chaos spawn, 2 giant eyeballs, 6 ufetubi, a goblin, 2 friendly sun
demons and a friendly red devil.

Vanquished Creatures
  7 pandemonium lords (D)
  Saint Roka (D)
  Norris (D)
  A lich (D)
  Rupert (D)
  Gastronok (D)
  An Executioner (D)
  A tentacled starspawn (D)
  2 orc warlords (D)
  A balrug (D)
  Louise (D)
  4 ghouls (D)
  A stone giant (D)
  4 vampire knights (D)
  A mottled draconian (D)
  2 blizzard demons (D)
  8 vault guards (D)
  2 green deaths (D)
  Josephine (D)
  2 rakshasas (D)
  4 vampire magi (D)
  2 orc high priests (D)
  A thrashing horror (D)
  A shadow demon (D)
  A hill giant (D)
  4 necromancers (D)
  An orc knight (D)
  2 orc sorcerers (D)
  7 cyclopes (D)
  2 deep elf magi (D)
  A sixfirhy (D)
  6 draconians (D)
  A guardian serpent (D)
  3 smoke demons (D)
  A hellwing (D)
  A yaktaur (D)
  An ancient zyme (D)
  An ice devil (D)
  4 merfolk (D)
  3 two-headed ogres (D)
  5 trolls (D)
  A raiju (D)
  Prince Ribbit (D)
  5 large abominations (D)
  2 ynoxinuls (D)
  3 spriggans (D)
  2 vampires (D)
  A tarantella (D)
  2 shadows (D)
  3 water elementals (D)
  Grum (D)
  A fire bat (D)
  2 neqoxecs (D)
  A hippogriff (D)
  2 chaos spawn (D)
  2 wargs (D)
  2 water moccasins (D)
  A hell hound (D)
  5 orc warriors (D)
  A black bear (D)
  A porcupine (D)
  An eye of draining (D)
  2 wasps (D)
  A necrophage (D)
  2 wolves (D)
  4 ogres (D)
  A giant frog (D)
  4 small abominations (D)
  Dowan (D)
  2 scorpions (D)
  A crimson imp (D)
  A gnoll shaman (D)
  3 quasits (D)
  An orc priest (D)
  2 orc wizards (D)
  An iron imp (D)
  An iguana (D)
  8 sheep (D)
  An adder (D)
  A river rat (D)
  5 shadow imps (D)
  3 white imps (D)
  2 ufetubi (D)
  3 adder skeletons (D)
  2 bat zombies (D)
  A ball python (D)
  A bat simulacrum (D)
  A jackal skeleton (D)
  A quokka zombie (D)
  2 starspawn tentacles (D)
193 creatures vanquished.

Vanquished Creatures (collateral kills)
  2 merfolk (D)
  An air elemental (D)
  A wasp (D)
4 creatures vanquished.

Vanquished Creatures (others)
  Nessos (D)
  A stone giant (D)
  A hill giant (D)
3 creatures vanquished.

Grand Total: 200 creatures vanquished

Notes
Turn   | Place    | Note
--------------------------------------------------------------
     0 | D        | pipel the Deep Dwarf Gladiator began the quest for the Orb.
     0 | D        | Reached XP level 1. HP: 19/19 MP: 1/1
     0 | D        | Found a roughly hewn altar of Beogh.
     0 | D        | Found a viscous altar of Jiyva.
     0 | D        | Found a corrupted altar of Lugonu.
     0 | D        | Found a white marble altar of Elyvilon.
     0 | D        | Found a sparkling altar of Nemelex Xobeh.
     0 | D        | Found a burning altar of Makhleb.
     0 | D        | Found an iron altar of Okawaru.
     0 | D        | Found a deep blue altar of Sif Muna.
     0 | D        | Found a radiant altar of Vehumet.
     0 | D        | Found a bloodstained altar of Trog.
     0 | D        | Found a shimmering altar of Xom.
     6 | D        | Reached skill level 1 in Spellcasting
     6 | D        | Reached skill level 3 in Evocations
     6 | D        | Reached XP level 2. HP: 27/27 MP: 1/4
    12 | D        | Became a worshipper of Makhleb the Destroyer
    74 | D        | Entered arena 1.
    86 | D        | Entered arena 2.
    86 | D        | Noticed a scorpion
    86 | D        | Noticed a tarantella
    86 | D        | Noticed a scorpion
    91 | D        | Killed a scorpion
    91 | D        | Reached * piety under Makhleb
    91 | D        | Reached skill level 5 in Axes
    91 | D        | Reached skill level 5 in Dodging
    91 | D        | Reached skill level 4 in Evocations
    91 | D        | Reached XP level 3. HP: 23/34 MP: 4/6
    91 | D        | Reached XP level 4. HP: 29/42 MP: 4/7
    91 | D        | Reached skill level 1 in Shields
    91 | D        | Reached skill level 5 in Evocations
    91 | D        | Killed a tarantella
    91 | D        | Reached ** piety under Makhleb
    91 | D        | Reached skill level 7 in Evocations
    91 | D        | Reached XP level 5. HP: 45/50 MP: 4/10
    91 | D        | Reached XP level 6. HP: 52/57 MP: 4/11
   101 | D        | Entered arena 3.
   101 | D        | Noticed a porcupine
   107 | D        | Killed a porcupine
   107 | D        | Reached *** piety under Makhleb
   107 | D        | Reached skill level 8 in Evocations
   115 | D        | Got the amulet of Benevolence {+Rage rF+++ rC+ MR- Dex+4}
   125 | D        | Entered arena 4.
   125 | D        | Noticed a water moccasin
   125 | D        | Noticed a water moccasin
   127 | D        | Killed a water moccasin
   127 | D        | Reached XP level 7. HP: 64/66 MP: 8/13
   129 | D        | Reached **** piety under Makhleb
   130 | D        | Reached skill level 10 in Axes
   130 | D        | Reached skill level 9 in Evocations
   135 | D        | Got the ring "Qekof" {rElec rN+ Dex+3}
   138 | D        | Entered arena 5.
   138 | D        | Noticed a water elemental
   138 | D        | Noticed a deep elf mage
   138 | D        | Noticed a deep elf mage
   138 | D        | Noticed an air elemental
   138 | D        | Noticed a water elemental
   142 | D        | Noticed a jumping spider
   142 | D        | Noticed a demonic crawler
   142 | D        | Killed a water elemental
   142 | D        | Reached skill level 5 in Fighting
   143 | D        | Killed a water elemental
   144 | D        | Killed a deep elf mage
   144 | D        | Reached ***** piety under Makhleb
   144 | D        | Reached skill level 10 in Evocations
   144 | D        | Reached XP level 8. HP: 76/76 MP: 11/16
   145 | D        | Killed an air elemental
   145 | D        | Reached skill level 5 in Shields
   146 | D        | Killed a deep elf mage
   146 | D        | Reached skill level 5 in Throwing
   146 | D        | Reached skill level 11 in Evocations
   156 | D        | Identified the Collected Works on Damaging Snow (You found it in the Dungeon)
   157 | D        | Entered arena 6.
   157 | D        | Noticed a spriggan rider
   157 | D        | Noticed a spriggan rider
   157 | D        | Noticed a spriggan rider
   162 | D        | Gained mutation: You passively map the area around you. [Deep Dwarf growth]
   162 | D        | Reached XP level 9. HP: 82/82 MP: 13/17
   162 | D        | Reached skill level 10 in Dodging
   164 | D        | Reached skill level 5 in Armour
   165 | D        | Reached skill level 12 in Evocations
   167 | D        | Reached ****** piety under Makhleb
   180 | D        | Got the amulet "Kudolede" {Dismiss MR+}
   185 | D        | Entered arena 7.
   185 | D        | Noticed a merfolk
   185 | D        | Noticed a merfolk
   196 | D        | Killed a merfolk
   198 | D        | Killed a merfolk
   203 | D        | Entered arena 8.
   203 | D        | Noticed a draconian
   203 | D        | Noticed a draconian
   203 | D        | Noticed a draconian
   203 | D        | Noticed a draconian
   203 | D        | Noticed a mottled draconian
   203 | D        | Noticed a draconian
   203 | D        | Noticed a draconian
   208 | D        | Killed a draconian
   208 | D        | Reached skill level 13 in Evocations
   208 | D        | Killed a draconian
   208 | D        | Reached XP level 10. HP: 94/94 MP: 19/19
   210 | D        | Killed a draconian
   210 | D        | Reached skill level 10 in Shields
   210 | D        | Killed a draconian
   210 | D        | Killed a draconian
   210 | D        | Killed a draconian
   210 | D        | Reached skill level 14 in Evocations
   212 | D        | Killed a mottled draconian
   218 | D        | Identified the Compendium of Frigorific Earth (You found it in the Dungeon)
   225 | D        | Entered arena 9.
   225 | D        | Noticed a green death
   225 | D        | Noticed a smoke demon
   226 | D        | Killed a smoke demon
   236 | D        | Killed a green death
   236 | D        | Reached skill level 15 in Axes
   236 | D        | Reached XP level 11. HP: 75/104 MP: 20/22
   243 | D        | Got the amulet of Qeacw {Dismiss rElec rPois Dex-4 Slay+5}
   251 | D        | Entered arena 10.
   263 | D        | Reached skill level 15 in Evocations
   274 | D        | Entered arena 11.
   274 | D        | Noticed a stone giant
   274 | D        | Noticed a vault guard
   274 | D        | Noticed a vault guard
   274 | D        | Noticed a vault guard
   274 | D        | Noticed a vault guard
   275 | D        | Noticed a vault guard
   275 | D        | Noticed a vault guard
   275 | D        | Noticed a vault guard
   275 | D        | Noticed a vault guard
   278 | D        | Killed a vault guard
   278 | D        | Killed a vault guard
   279 | D        | Killed a vault guard
   279 | D        | Reached skill level 16 in Evocations
   279 | D        | Killed a vault guard
   279 | D        | Killed a stone giant
   279 | D        | Reached skill level 15 in Shields
   279 | D        | Killed a vault guard
   279 | D        | Reached skill level 17 in Evocations
   280 | D        | Killed a vault guard
   281 | D        | Killed a vault guard
   283 | D        | Killed a vault guard
   283 | D        | Reached XP level 12. HP: 115/115 MP: 22/24
   291 | D        | Entered arena 12.
   291 | D        | Noticed Josephine
   291 | D        | Noticed Dowan
   291 | D        | Noticed Louise
   291 | D        | Noticed Gastronok
   292 | D        | Noticed Grum
   292 | D        | Noticed Saint Roka
   293 | D        | Noticed Rupert
   294 | D        | Noticed Prince Ribbit
   295 | D        | Noticed Nessos
   297 | D        | Noticed Norris
   299 | D        | Killed Nessos
   299 | D        | Reached skill level 18 in Evocations
   300 | D        | Killed Josephine
   300 | D        | Killed Prince Ribbit
   300 | D        | Killed Louise
   300 | D        | Killed Grum
   300 | D        | Killed Dowan
   301 | D        | Killed Gastronok
   301 | D        | Reached skill level 19 in Evocations
   301 | D        | Killed Rupert
   307 | D        | Killed Norris
   307 | D        | Reached skill level 10 in Fighting
   307 | D        | Reached skill level 20 in Evocations
   316 | D        | Killed Saint Roka
   316 | D        | Reached skill level 10 in Armour
   316 | D        | Reached skill level 21 in Evocations
   316 | D        | Reached XP level 13. HP: 100/123 MP: 27/27
   324 | D        | Entered arena 13.
   324 | D        | Noticed a vampire knight
   328 | D        | Noticed a vampire knight
   329 | D        | Noticed a jiangshi
   329 | D        | Noticed a vampire knight
   329 | D        | Killed a vampire knight
   331 | D        | Killed a vampire knight
   331 | D        | Reached skill level 22 in Evocations
   333 | D        | Killed a vampire knight
   335 | D        | Noticed a ghoul
   336 | D        | Noticed a lich
   341 | D        | Killed a ghoul
   348 | D        | Killed a lich
   348 | D        | Reached skill level 23 in Evocations
   361 | D        | Entered arena 14.
   363 | D        | Noticed a tentacled starspawn
   366 | D        | Killed a tentacled starspawn
   366 | D        | Reached skill level 5 in Stealth
   382 | D        | Reached skill level 24 in Evocations
   391 | D        | Entered arena 15.
   392 | D        | Noticed a green death
   392 | D        | Noticed a blizzard demon
   392 | D        | Noticed an Executioner
   392 | D        | Noticed Yheg the pandemonium lord
   393 | D        | Noticed Zikusm the pandemonium lord
   393 | D        | Noticed a blizzard demon
   393 | D        | Noticed Louqofyd the pandemonium lord
   396 | D        | Noticed a balrug
   401 | D        | Killed an Executioner
   406 | D        | Killed a blizzard demon
   408 | D        | Killed a green death
   413 | D        | Killed Louqofyd the pandemonium lord
   413 | D        | Reached skill level 25 in Evocations
   413 | D        | Gained mutation: You resist negative energy. [Deep Dwarf growth]
   413 | D        | Reached XP level 14. HP: 116/135 MP: 20/30
   416 | D        | Killed a balrug
   420 | D        | Killed Yheg the pandemonium lord
   451 | D        | Killed Zikusm the pandemonium lord
   451 | D        | Reached skill level 26 in Evocations
   465 | D        | Entered arena 16.
   468 | D        | Noticed a ghoul
   468 | D        | Noticed a ghoul
   469 | D        | Noticed a ghoul
   470 | D        | Noticed a vampire knight
   472 | D        | Killed a ghoul
   475 | D        | Killed a ghoul
   475 | D        | Killed a ghoul
   479 | D        | Killed a vampire knight
   488 | D        | Entered arena 17.
   492 | D        | Noticed a stone giant
   495 | D        | Reached XP level 15. HP: 148/148 MP: 31/31
   500 | D        | Reached skill level 27 in Evocations
   506 | D        | Entered arena 18.
   527 | D        | Entered arena 19.
   532 | D        | Noticed an orc warlord
   533 | D        | Noticed an orc warlord
   539 | D        | Reached skill level 15 in Armour
   539 | D        | Killed an orc warlord
   540 | D        | Killed an orc warlord
   550 | D        | Entered arena 20.
   555 | D        | Noticed Esunyh the pandemonium lord
   556 | D        | Noticed Zeniel the pandemonium lord
   557 | D        | Noticed Cyqoodo the pandemonium lord
   558 | D        | Noticed Edotaop the pandemonium lord
   558 | D        | Noticed Utropn the pandemonium lord
   558 | D        | Noticed Asheawn the pandemonium lord
   558 | D        | Noticed Ydonigeg the pandemonium lord
   559 | D        | Noticed Joboym the pandemonium lord
   560 | D        | Noticed Otta the pandemonium lord
   561 | D        | Noticed a Hell Sentinel
   561 | D        | Noticed Sisism the pandemonium lord
   561 | D        | Noticed Voygutt the pandemonium lord
   562 | D        | Noticed Vasear the pandemonium lord
   564 | D        | Noticed Oruaceac the pandemonium lord
   566 | D        | Noticed Xino Gax the pandemonium lord
   578 | D        | Killed Zeniel the pandemonium lord
   578 | D        | Killed Utropn the pandemonium lord
   581 | D        | Killed Ydonigeg the pandemonium lord
   581 | D        | Reached skill level 15 in Fighting
   584 | D        | HP: 8/231 [Cyqoodo the pandemonium lord (13)]
   586 | D        | Noticed an Executioner
   589 | D        | HP: 7/231 [??? (1)]
   590 | D        | Noticed Beudoec the pandemonium lord
   591 | D        | Killed Vasear the pandemonium lord
   591 | D        | Annihilated by Cyqoodo the pandemonium lord

Skill      XL: |  1  2  3  4  5  6  7  8  9 10 11 12 13 14 15 |
---------------+----------------------------------------------+-----
Fighting       | 2 3 4 5 6 7 8 9 10 11 13 15 | 15.4
Axes           | 4 5 7 9 11 12 13 15 16 18 19 21 | 21.6
Throwing       | 2 3 4 5 |  5.1
Armour         | 2 3 4 6 7 8 10 11 13 17 | 17.3
Dodging        | 4 5 7 8 9 10 11 | 11.4
Stealth        | 2 3 4 5 6 9 |  9.6
Unarmed Combat | 2 |  2.0
Spellcasting   | 1 |  1.5
Evocations     | 3 4 7 8 10 11 13 14 17 21 25 26 27 | 27.0
Shields        | 1 2 4 5 9 12 15 18 19 21 25 | 25.9

Action                   |  1- 3 |  4- 6 |  7- 9 | 10-12 | 13-15 || total
-------------------------+-------+-------+-------+-------+-------++-------
Melee: Broad axe         |     7 |     4 |    27 |    25 |    83 ||   146
 Abil: Device Recharging |       |       |       |       |     1 ||     1
Evoke: Disc of storms    |     2 |     2 |     9 |    34 |    80 ||   127
       Wand              |       |       |       |       |     6 ||     6
  Use: Potion            |     1 |       |       |     2 |     4 ||     7
       Scroll            |     1 |       |       |       |       ||     1
 Stab: Distracted        |       |       |       |     1 |     3 ||     4
Armor: Plate armour      |     5 |     5 |    16 |     8 |    71 ||   105
Dodge: Dodged            |     2 |     2 |     9 |     7 |    55 ||    75
Block: Shield            |    10 |     9 |    72 |    46 |   219 ||   356
       Reflection        |       |       |     2 |    17 |    19 ||    38
